 Dungeon Crawl Stone Soup version 0.18.1-48-g4cf74bf (webtiles) character file.

83 MistressOfTheDunes the Insei (level 4, -1/35 HPs)
             Began as a Mummy Monk on June 26, 2016.
             Slain by a gnoll
             ... wielding a cursed -1 battleaxe
              (2 damage)
             ... on level 2 of the Dungeon.
             The game lasted 00:02:51 (3621 turns).

MistressOfTheDunes the Insei (Mummy Monk)           Turns: 3621, Time: 00:02:52

Health: -1/35      AC:  1    Str: 14    XL:     4   Next: 22%
Magic:  4/4        EV: 13    Int:  9    God:
Gold:   43         SH:  0    Dex: 15    Spells: 0 memorised, 3 levels left

rFire  x . .     SeeInvis .       - Unarmed
rCold  + . .     Gourm    .     (no armour)
rNeg   + + +     Faith    .     (no shield)
rPois  ∞         Spirit   .     (no helmet)
rElec  .         Dismiss  .     (no cloak)
rCorr  .         Reflect  .     d - +0 pair of gloves
SustAt +         Harm     .     (no boots)
MR     .....                    (no amulet)
Stlth  ++........               (no ring)
                                b - ring of sustain attributes

@: not resistant to hostile enchantments, unstealthy
A: no food or potions, fire vulnerability, cold resistance 1, negative energy
resistance 3, torment resistance, unbreathing
a: no special abilities


You were on level 2 of the Dungeon.
You were not hungry.

You visited 1 branch of the dungeon, and saw 2 of its levels.

You collected 43 gold pieces.


Innate Abilities, Weirdness & Mutations

You do not eat or drink.
Your flesh is vulnerable to fire.
You are immune to poison.
Your flesh is cold resistant.
You are immune to negative energy.
You are immune to unholy pain and torment.
You can survive without breathing.


   Skills:
 - Level 3.0 Fighting
 - Level 2.4 Dodging
 - Level 1.5 Stealth
 + Level 4.8 Unarmed Combat


You had 3 spell levels left.
You didn't know any spells.

Inventory:

Armour
 d - a +0 pair of gloves (worn)
Jewellery
 b - a ring of sustain attributes (left hand)
 f - an uncursed amulet of faith {unknown}
Scrolls
 a - 3 scrolls of enchant armour {unknown}
 c - 4 scrolls of identify {unknown}
 e - a scroll of blinking {unknown}
 g - a scroll of immolation {unknown}

Dungeon Overview and Level Annotations

Branches:
Dungeon (2/15)

Altars:
Nemelex Xobeh

...▒▒▒▒▒▒.▒.(8........▒▒▒....▒▒..
.▒......▒(............▒▒▒(.▒▒▒▒ ▒
..▒▒▒▒▒(.(............>.......▒
...▒▒▒▒▒▒...▒▒...)...............
.▒....▒..............▒.....(.....
.▒▒.....▒▒▒▒.▒.......▒...........
.▒▒...▒▒▒ ▒.▒...................
.▒▒...▒ ▒.........▒...........
▒▒▒▒▒▒▒ ▒▒...Mg...▒........(.. ▒
▒▒........▒.......... ▒
▒▒▒...▒▒▒..▒▒ ▒ ▒▒....▒▒8.8.▒
▒▒▒▒▒ ▒▒▒..▒▒.▒.....▒
....▒▒▒...▒▒▒.▒....P▒▒.
.▒▒.▒............8.....▒
.▒▒.▒.▒▒..........▒▒.▒▒▒
▒▒▒.▒.▒▒.............▒


You could see a gnoll.


Message History

Found a ring mail!
You see here a ring mail!
The gnoll is too close now for your liking!
A gnoll is nearby!!!
You strike the helpless gnoll from a blind spot!!!
You squash the gnoll like an ant!
The gnoll is lightly wounded!
The gnoll hits you with a BATTLEAXE!!!
You squash the gnoll like an ant!
The gnoll is heavily wounded!
You pulverise the gnoll!
The gnoll is severely wounded!
The gnoll hits you with a BATTLEAXE!
You are too injured to fight recklessly!!!
You are too injured to fight recklessly!!!
You are too injured to fight recklessly!!!
You are too injured to fight recklessly!!!
You barely miss the gnoll!
The gnoll is severely wounded!
The gnoll barely misses you!
You barely miss the gnoll!
The gnoll is severely wounded!
You barely miss the gnoll!
The gnoll is severely wounded!
The gnoll hits you with a BATTLEAXE!!! * * * don't die
* * * You barely miss the gnoll!
The gnoll is severely wounded!
The gnoll hits you with a BATTLEAXE! rip

Action                   |  1- 3 |  4- 6 || total
-------------------------+-------+-------++-------
Melee: Unarmed           |   184 |    39 ||   223
       Punch             |     2 |     1 ||     3
 Stab: Sleeping          |     2 |       ||     2
       Distracted        |       |     1 ||     1
Armor: Skin              |    26 |     1 ||    27
Dodge: Dodged            |   179 |    16 ||   195

Vault maps used:
D:1:      lightli_arrival_chessboard, minmay_fountain_box, st_stairs_7,
          minmay_cupped
D:2:      nemelex_deck, gammafunk_temple_overflow_statue, serial_undead,
          serial_undead_f, serial_undead_f, serial_undead_b, serial_undead_c,
          serial_undead_d, serial_undead_c

Notes
Turn   | Place    | Note
--------------------------------------------------------------
     0 | D:1      | MistressOfTheDunes the Mummy Monk began the quest for the Orb.
     0 | D:1      | Reached XP level 1. HP: 18/18 MP: 1/1
   364 | D:1      | Reached XP level 2. HP: 15/24 MP: 2/2
   646 | D:1      | Reached skill level 4 in Unarmed Combat
   836 | D:1      | Reached XP level 3. HP: 26/29 MP: 3/3
  1861 | D:2      | Found a sparkling altar of Nemelex Xobeh.
  2795 | D:1      | Reached XP level 4. HP: 10/35 MP: 4/4
  3620 | D:2      | HP: 1/35 [gnoll/battleaxe (17)]
  3621 | D:2      | Slain by a gnoll

Vanquished Creatures
  2 gnolls
  2 adder zombies (D:2)
  An adder skeleton (D:2)
  A worm (D:1)
  2 dart slugs (D:1)
  2 giant geckos (D:1)
  2 ball pythons
  A giant cockroach (D:1)
  10 goblins
  3 hobgoblins
  A ball python zombie (D:2)
  4 bats
  3 giant newts
  2 jackal zombies (D:2)
  4 kobolds
  2 quokka skeletons (D:2)
  A quokka zombie (D:2)
  6 rats
49 creatures vanquished.
